Map: Cactus Valley LE (Void)

Players

Nerchio - Winner!

  • Race: Zerg Zerg
  • Spawn Location: 11:00

Malcolm

  • Race: Zerg Zerg
  • Spawn Location: 1:00

Event: IEM XI Katowice - World Championship 2017

VOD

Have the link to the VOD?

Description

Time

  • Played on: Feb. 28, 2017, 3:50 a.m.
  • Length: 5:03

All games in this series

Show
View Real Time Build Order
Export as new Build Order

Nerchio Zerg - Winner!

Build Orders: Pool First 

Get SALT Encoding   

  12  0:00  Drone  
  13  0:12  Overlord  
  13  0:18  Drone  
  14  0:31  Drone x2  
  14  0:34  Drone  
  17  0:45  Spawning Pool  
  17  0:48  Drone  
  17  1:10  Hatchery  
  16  1:12  Drone  
  16  1:16  Extractor  
  16  1:17  Drone  
  17  1:21  Drone  
  18  1:31  Queen  
  20  1:34  Zergling x2  
  20  1:39  Drone  
  22  1:49  Overlord  
  22  2:07  Queen  
  22  2:08  Drone  
  25  2:11  Drone  
  26  2:17  Metabolic Boost  
  26  2:22  Drone  
  27  2:23  Drone  
  27  2:28  Queen  
  30  2:33  Overlord  
  30  2:40  Zergling x4  
  32  2:47  Drone, Baneling Nest  
  32  2:50  Drone  
  33  2:53  Drone  
  33  2:55  Drone  
  36  2:58  Drone  
  36  3:17  Zergling x2  
  36  3:18  Hatchery  
  37  3:20  Zergling x2  
  37  3:22  Zergling x2  
  37  3:26  Zergling x2  
  39  3:31  Zergling x6  
  42  3:35  Overlord  
  42  3:43  Zergling x6  
  44  3:50  Spine Crawler  
  44  3:52  Overlord  
  43  4:02  Zergling x8  
  47  4:05  Zergling x2  
  47  4:07  Zergling x2  
  48  4:10  Zergling x2  
  48  4:12  Baneling x2  
  48  4:13  Baneling  
  49  4:18  Overlord  
  49  4:19  Baneling  
  49  4:23  Zergling x4  
  51  4:25  Baneling  
  51  4:30  Zergling x2  
  51  4:31  Zergling x2  
  53  4:34  Zergling x2  
  53  4:35  Zergling x2  
  53  4:37  Zergling x2  
  50  4:44  Drone  
  50  4:45  Drone x2  
  50  4:47  Drone  
  50  4:49  Drone  
Show
View Real Time Build Order
Export as new Build Order

Malcolm Zerg 

Build Orders: Hatch First 

Get SALT Encoding   

  12  0:00  Drone  
  13  0:12  Overlord  
  13  0:17  Drone  
  14  0:30  Drone x2  
  14  0:35  Drone  
  17  0:52  Hatchery  
  17  0:55  Drone  
  17  0:57  Drone  
  18  1:09  Extractor  
  17  1:14  Spawning Pool  
  17  1:15  Drone  
  17  1:19  Drone  
  18  1:28  Drone  
  19  1:39  Overlord  
  19  2:00  Queen  
  19  2:01  Zergling x4  
  22  2:03  Queen  
  22  2:04  Zergling x2  
  26  2:09  Metabolic Boost  
  26  2:11  Drone  
  26  2:15  Drone  
  28  2:27  Drone x2  
  30  2:36  Queen  
  32  2:40  Roach Warren  
  30  2:47  Overlord  
  30  2:52  Overlord  
  30  3:21  Roach  
  30  3:22  Roach x6  
  44  3:36  Zergling x12  
  48  3:52  Zergling x2  
  48  3:53  Zergling x4  
  51  4:02  Overlord x2  
  51  4:20  Zergling x16  
  51  4:23  Zergling x2  
  51  4:24  Zergling x2  
  61  4:30  Ravager  
  62  4:35  Ravager  
  62  4:37  Zergling x2  
  62  4:38  Zergling x4  
  59  4:40  Ravager  
  59  4:41  Ravager  
  59  4:43  Zergling x2  

Tags
 
Add a new tag
Caveats
  • Supply blocks, unpowered buildings, or Contaminate may cause inaccurate times.
  • Supply counts are checked every 10 seconds.